 Dungeon Crawl Stone Soup version 0.30-a0-165-g1891117ce2 (webtiles) character file.

Game seed: 8631888596935585548

387 qw the Chopper (level 6, 0/38 HPs)
             Began as a Gargoyle Fighter on Sept 28, 2022.
             Slain by an ogre
             ... wielding a +0 giant club
              (20 damage)
             ... on level 4 of the Dungeon.
             The game lasted 00:02:09 (4809 turns).

qw the Chopper (Gargoyle Fighter)                   Turns: 4809, Time: 00:02:09

Health: 0/38       AC: 16    Str: 22    XL:     6   Next: 78%
Magic:  6/6        EV:  7    Int:  8    God:
Gold:   207        SH:  4    Dex:  9    Spells: 5/5 levels left

rFire   . . .      SeeInvis .    Y - +0 war axe
rCold   . . .      Faith    .    c - +0 buckler
rNeg    + . .      Spirit   .    j - +0 chain mail
rPois   inf        Reflect  .    e - +1 helmet
rElec   +          Harm     .    o - +0 cloak
rCorr   .          Rampage  .    (no gloves)
Will    .....                    (no boots)
Stlth   ..........               (no amulet)
HPRegen 0.12/turn                (no ring)
MPRegen 0.10/turn                (no ring)

@: no status effects
A: sickness immunity, AC +4, negative energy resistance 1, electricity
resistance, torment resistance 1, petrification resistance
a: no special abilities


You were on level 4 of the Dungeon.
You visited 1 branch of the dungeon, and saw 4 of its levels.
You also visited: Sewer.

You collected 207 gold pieces.


Innate Abilities, Weirdness & Mutations

You are immune to sickness and miasma.
Your stone body is resilient. (AC +4)
You are immune to poison.
You resist negative energy. (rN+)
You are resistant to electric shocks. (rElec)
You are resistant to unholy torment.
You are immune to petrification.


   Skills:
 - Level 4.0 Fighting
 - Level 6.0 Axes
 - Level 3.2 Armour
 + Level 0.6 Dodging
 - Level 3.2 Shields


You had 5 spell levels left.
You didn't know any spells.
Your spell library was empty.

Inventory:

Hand Weapons
 b - a +0 flail
 Y - a +0 war axe (weapon)
Armour
 c - a +0 buckler (worn)
 e - a +1 helmet (worn)
 j - a +0 chain mail (worn)
 n - the +1 robe of Cuevvor {rC+ rCorr Int+2 Dex+3}
   (You found it on level 4 of the Dungeon)

   Int:       It affects your intelligence (+2).
   Dex:       It affects your dexterity (+3).
   rC:        It protects you from cold.
   rCorr:     It protects you from acid and corrosion.
 o - a +0 cloak (worn)
Scrolls
 l - a scroll of identify
 m - a scroll of teleportation
Potions
 a - a potion of ambrosia {unknown}
 d - 2 potions of might
 f - a potion of degeneration {unknown}
 g - 3 potions of haste
 h - a potion of mutation {unknown}
 i - a potion of heal wounds {unknown}
 k - a potion of curing {unknown}

Dungeon Overview and Level Annotations

Branches:
Dungeon (4/15)              Sewer (visited)
 Temple: D:4-7

Altars:
Yredelemnul

Annotations:
D:3 1 runed translucent door, Crazy Yiuf
D:4 1 runed translucent door


Message History

A kobold comes into view. It is wielding a +0 whip.
You closely miss the adder. The adder bites you but does no damage.
The adder closely misses you.
A quokka comes into view.
You slash the adder!
You kill the adder!
You closely miss the goblin.
An ogre comes into view. It is wielding a +0 giant club.
The goblin hits you but does no damage. x2
You hit the goblin.
You kill the goblin!
A ball python comes into view.
4800 ||| Stepping ~*~*~tactically~*~*~ (stealth).
You barely miss the goblin. The goblin barely misses you.
You slash the goblin!
You kill the goblin!
You hit the quokka.
The quokka is heavily wounded.
The quokka bites you but does no damage.
The quokka barely misses you.
You barely miss the quokka.
The quokka is heavily wounded.
The quokka bites you but does no damage.
You barely miss the quokka.
The quokka is heavily wounded.
The quokka bites you but does no damage. x2
You miss the quokka.
The quokka is heavily wounded.
You block the quokka's attack.
You slash the quokka!
You kill the quokka!
The ogre hits you with a +0 giant club!
You hit the ogre.
The ogre is lightly wounded.
You hit the ogre.
The ogre is moderately wounded.
The ogre hits you with a +0 giant club!!
Ouch! That really hurt!
You die...

..... .... ..S# .O#
..# #.# #.#
.#########)######.
#...........@OK.......
#.....###.#..#####..#.
#.....# ##..## ..
#.....###.#)#
.##......#..#.######
.... .[.#.#.....>...
#..##.###.###..###
#.........# ..#
#.###.#.### .#


You could see an ogre and a kobold.

Vanquished Creatures
  A gnoll bouda (D:4)
  An iguana (D:3)
  4 gnolls (D:4)
  2 river rats (Sewer)
  15 adders
  2 worms
  5 dart slugs
  9 orcs
  9 endoplasms
  3 giant cockroaches
  10 goblins
  6 hobgoblins
  10 jackals
  6 quokkas
  17 ball pythons
  3 bats
  2 frilled lizards (Sewer)
  A jackal zombie (D:4)
  8 kobolds
  11 rats
125 creatures vanquished.

Vanquished Creatures (others)
  19 plants (Sewer)
19 creatures vanquished.

Grand Total: 144 creatures vanquished

Notes
Turn   | Place    | Note
-------+----------+-------------------------------------------
     0 | D:1      | qw the Gargoyle Fighter began the quest for the Orb.
     0 | D:1      | Reached XP level 1. HP: 14/14 MP: 1/1
     0 | D:1      | 0 ||| qw: Version: 0.2-a-12-gaebbb33
     0 | D:1      | 0 ||| qw: Game counter: 893
     0 | D:1      | 0 ||| qw: Always use a shield: true
     0 | D:1      | 0 ||| qw: God list: Okawaru
     0 | D:1      | 0 ||| qw: Allow faded altars: false
     0 | D:1      | 0 ||| qw: Do Orc after D:15 true
     0 | D:1      | 0 ||| qw: Do second Lair branch before Depths: true
     0 | D:1      | 0 ||| qw: Lair rune preference: random
     0 | D:1      | 0 ||| qw: Plans: Normal, Zot:1-4, God:TSO, Crypt, Tomb,
                  | Pan, Slime:5, Hells, Abyss, Orb
     0 | D:1      | 0 ||| PLANNING D:1-11
    52 | D:1      | Reached skill level 2 in Axes
   225 | D:1      | Reached XP level 2. HP: 19/19 MP: 2/2
   425 | D:1      | 425 ||| DROPPING +0 club.
   544 | D:1      | 544 ||| DROPPING +0 mace.
   705 | D:1      | 705 ||| Stepping ~*~*~tactically~*~*~ (stealth).
   717 | D:1      | 717 ||| Stepping ~*~*~tactically~*~*~ (stealth).
   718 | D:1      | 718 ||| Stepping ~*~*~tactically~*~*~ (stealth).
   720 | D:1      | 720 ||| Stepping ~*~*~tactically~*~*~ (stealth).
   736 | D:1      | Reached skill level 3 in Axes
   771 | D:1      | 771 ||| Stepping ~*~*~tactically~*~*~ (stealth).
   776 | D:1      | 776 ||| Stepping ~*~*~tactically~*~*~ (stealth).
   784 | D:1      | 784 ||| Stepping ~*~*~tactically~*~*~ (stealth).
   785 | D:1      | 785 ||| Stepping ~*~*~tactically~*~*~ (stealth).
  1154 | D:1      | Reached XP level 3. HP: 23/23 MP: 3/3
  1356 | D:1      | 1356 ||| UPGRADING to +0 helmet.
  1361 | D:1      | 1361 ||| UPGRADING to +0 chain mail.
  1371 | D:1      | 1371 ||| DROPPING +0 scale mail.
  1372 | D:1      | 1372 ||| UPGRADING to +0 cloak.
  1377 | D:1      | 1377 ||| READING scroll labelled BITANOPHOC.
  1378 | D:1      | 1378 ||| READING scroll labelled NUGAUCOZER.
  1379 | D:1      | 1379 ||| READING scroll labelled PISYJU QYT.
  1383 | D:1      | 1383 ||| READING scroll labelled XOMAQEROIFI.
  1384 | D:1      | 1384 ||| READING scroll labelled WAENUO QEOK.
  1437 | D:2      | 1437 ||| READING scroll of enchant armour.
  1437 | D:2      | 1437 ||| ENCHANTING +0 helmet.
  1493 | D:2      | 1493 ||| Stepping ~*~*~tactically~*~*~ (stealth).
  1494 | D:2      | 1494 ||| Stepping ~*~*~tactically~*~*~ (stealth).
  1495 | D:2      | 1495 ||| Stepping ~*~*~tactically~*~*~ (stealth).
  1497 | D:2      | 1497 ||| Stepping ~*~*~tactically~*~*~ (stealth).
  1498 | D:2      | 1498 ||| Stepping ~*~*~tactically~*~*~ (stealth).
  1645 | D:2      | 1645 ||| Stepping ~*~*~tactically~*~*~ (stealth).
  1646 | D:2      | 1646 ||| FLEEEEING.
  1647 | D:2      | 1647 ||| FLEEEEING.
  1648 | D:2      | 1648 ||| FLEEEEING.
  1649 | D:2      | 1649 ||| FLEEEEING.
  1650 | D:2      | 1650 ||| FLEEEEING.
  1651 | D:2      | 1651 ||| FLEEEEING.
  1652 | D:2      | 1652 ||| STAIRDANCE
  1712 | D:1      | 1712 ||| READING scroll labelled WIBBEX LONT.
  1713 | D:1      | 1713 ||| DRINKING 2 fizzy red potions.
  1969 | D:2      | Reached XP level 4. HP: 28/28 MP: 4/4
  2033 | D:2      | Found a faded altar of an unknown god.
  2056 | D:2      | 2056 ||| Stepping ~*~*~tactically~*~*~ (stealth).
  2083 | D:2      | Reached skill level 4 in Axes
  2106 | D:2      | 2106 ||| Stepping ~*~*~tactically~*~*~ (stealth).
  2202 | D:2      | 2202 ||| Stepping ~*~*~tactically~*~*~ (stealth).
  2347 | D:2      | 2347 ||| READING scroll labelled KEUKLAWKIA.
  2348 | D:2      | 2348 ||| READING scroll labelled BIHAAKHL EKKI.
  2365 | D:3      | 2365 ||| PLANNING SEWER
  2384 | D:3      | 2384 ||| Stepping ~*~*~tactically~*~*~ (stealth).
  2389 | D:3      | Found a glowing drain.
  2395 | D:3      | 2395 ||| FLEEEEING.
  2396 | D:3      | 2396 ||| FLEEEEING.
  2397 | D:3      | 2397 ||| FLEEEEING.
  2398 | D:3      | 2398 ||| STAIRDANCE
  2402 | D:3      | 2402 ||| STAIRDANCE
  2442 | D:3      | 2442 ||| STAIRDANCE
  2447 | D:2      | 2447 ||| DROPPING +0 whip of freezing.
  2451 | D:3      | 2451 ||| STAIRDANCE
  2459 | D:3      | 2459 ||| STAIRDANCE
  2476 | D:3      | 2476 ||| STAIRDANCE
  2487 | D:3      | 2487 ||| FLEEEEING.
  2488 | D:3      | 2488 ||| FLEEEEING.
  2489 | D:3      | 2489 ||| FLEEEEING.
  2490 | D:3      | 2490 ||| FLEEEEING.
  2491 | D:3      | 2491 ||| FLEEEEING.
  2492 | D:3      | 2492 ||| FLEEEEING.
  2494 | D:3      | 2494 ||| STAIRDANCE
  2501 | D:3      | 2501 ||| STAIRDANCE
  2514 | D:3      | 2514 ||| FLEEEEING.
  2515 | D:3      | 2515 ||| FLEEEEING.
  2516 | D:3      | 2516 ||| FLEEEEING.
  2517 | D:3      | 2517 ||| FLEEEEING.
  2518 | D:3      | 2518 ||| FLEEEEING.
  2519 | D:3      | 2519 ||| FLEEEEING.
  2520 | D:3      | 2520 ||| FLEEEEING.
  2521 | D:3      | 2521 ||| FLEEEEING.
  2523 | D:3      | 2523 ||| STAIRDANCE
  2527 | D:3      | 2527 ||| STAIRDANCE
  2531 | D:3      | 2531 ||| STAIRDANCE
  2548 | D:3      | 2548 ||| STAIRDANCE
  2561 | D:3      | 2561 ||| FLEEEEING.
  2562 | D:3      | 2562 ||| FLEEEEING.
  2565 | D:3      | 2565 ||| FLEEEEING.
  2566 | D:3      | 2566 ||| FLEEEEING.
  2567 | D:3      | 2567 ||| STAIRDANCE
  2584 | Sewer    | Entered a sewer
  2588 | Sewer    | 2588 ||| Stepping ~*~*~tactically~*~*~ (stealth).
  2591 | Sewer    | Reached XP level 5. HP: 32/32 MP: 5/5
  2758 | Sewer    | 2758 ||| Stepping ~*~*~tactically~*~*~ (water).
  2805 | Sewer    | 2805 ||| Stepping ~*~*~tactically~*~*~ (water).
  2816 | Sewer    | Reached skill level 5 in Axes
  2999 | Sewer    | 2999 ||| Stepping ~*~*~tactically~*~*~ (stealth).
  3412 | Sewer    | 3412 ||| READING scroll labelled BILAYL YCZOPLULO.
  3413 | Sewer    | 3413 ||| READING 2 scrolls labelled YSCHYMN XYOSTEQ.
  3414 | Sewer    | 3414 ||| DROPPING scroll of blinking.
  3430 | D:3      | 3430 ||| PLANNING D:1-11
  3597 | D:3      | Found a runed translucent door.
  3598 | D:3      | Noticed Crazy Yiuf
  3836 | D:3      | 3836 ||| DROPPING orb of guile.
  3984 | D:3      | Reached XP level 6. HP: 16/38 MP: 6/6
  4294 | D:3      | 4294 ||| Stepping ~*~*~tactically~*~*~ (stealth).
  4296 | D:3      | 4296 ||| Stepping ~*~*~tactically~*~*~ (stealth).
  4305 | D:3      | 4305 ||| Stepping ~*~*~tactically~*~*~ (stealth).
  4370 | D:3      | 4370 ||| Stepping ~*~*~tactically~*~*~ (stealth).
  4483 | D:4      | 4483 ||| Stepping ~*~*~tactically~*~*~ (hiding).
  4497 | D:4      | Found a runed translucent door.
  4497 | D:4      | Noticed a human
  4512 | D:4      | 4512 ||| Stepping ~*~*~tactically~*~*~ (stealth).
  4516 | D:4      | 4516 ||| Stepping ~*~*~tactically~*~*~ (stealth).
  4516 | D:4      | Found a basalt altar of Yredelemnul.
  4723 | D:4      | 4723 ||| Stepping ~*~*~tactically~*~*~ (stealth).
  4728 | D:4      | Reached skill level 6 in Axes
  4759 | D:4      | Identified the +1 robe of Cuevvor {rC+ rCorr Int+2 Dex+3}
  4780 | D:4      | 4780 ||| Stepping ~*~*~tactically~*~*~ (stealth).
  4782 | D:4      | 4782 ||| Stepping ~*~*~tactically~*~*~ (stealth).
  4783 | D:4      | 4783 ||| Stepping ~*~*~tactically~*~*~ (stealth).
  4800 | D:4      | 4800 ||| Stepping ~*~*~tactically~*~*~ (stealth).
  4809 | D:4      | Slain by an ogre

Levels and vault maps discovered:
D:1:      lightli_arrival_lavapool, layout_loops_ring,
          kennysheep_decorative_pillar, minmay_tall_x
D:2:      layout_basic, hellmonk_ecumenical_altar_blasted
D:3:      minmay_chambers_of_threes, layout_loops_cross, portal_sewer_entry_a,
          minmay_misc_feat_chi, hangedman_decor_clover_reticule,
          uniq_crazy_yiuf_cottage
D:4:      layout_loops_ring, dk_yredelemnul_ordeal, minmay_pentangle,
          uniq_blork_the_orc, uniq_sigmund, uniq_edmund

Skill      XL: |  1  2  3  4  5  6 |
---------------+-------------------+-----
Axes           | 2 3 4 5 6 |  6.0
Fighting       | 4 |  4.0
Armour         | |  3.2
Dodging        | |  0.6
Shields        | |  3.2

Action                   |  1- 3 |  4- 6 || total
-------------------------+-------+-------++-------
Melee: War axe           |   142 |   298 ||   440
Throw: Boomerang         |       |     1 ||     1
  Use: Scroll            |     7 |     4 ||    11
       Potion            |     1 |       ||     1
Armor: Scale mail        |    44 |       ||    44
       Chain mail        |    41 |   194 ||   235
Dodge: Dodged            |    64 |   109 ||   173
Block: Buckler           |    28 |    61 ||    89

Table legend:
 A = Non-vault XP
 B = Vault XP
 C = Vault XP percentage of total XP
 D = Non-vault monster count
 E = Vault monster count
 F = Vault count percentage of total count
                 A         B        C        D         E       F
            +---------+---------+-------+---------+---------+-------
      Total |     308 |     246 |  44.4 |      76 |      49 |  39.2
            +---------+---------+-------+---------+---------+-------
        D:1 |      32 |       6 |  15.8 |      19 |       4 |  17.4
        D:2 |      99 |      13 |  11.6 |      34 |       1 |   2.9
        D:3 |      57 |      66 |  53.7 |      12 |      15 |  55.6
        D:4 |     120 |      18 |  13.0 |      11 |       5 |  31.2
      Sewer |       0 |     143 | 100.0 |       0 |      24 | 100.0
            +---------+---------+-------+---------+---------+-------
